Map: Orbital Shipyard

Players

炸弹人头号粉丝

  • Race: Zerg Zerg

Bop - Winner!

  • Race: Terran Terran

VOD

Have the link to the VOD?

Description

Time

  • Played on: May 7, 2015, 4:55 a.m.
  • Length: 15:50
Show
View Real Time Build Order
Export as new Build Order

炸弹人头号粉丝 Zerg 

Build Orders: Pool First 

Get SALT Encoding   

  12  0:01  Drone  
  13  0:10  Drone  
  14  0:17  Overlord  
  14  0:35  Drone x3  
  17  0:46  Spawning Pool  
  17  0:47  Extractor  
  17  0:49  Drone  
  16  0:53  Extractor  
  16  0:57  Drone  
  16  1:09  Drone  
  17  1:18  Drone  
  18  1:29  Drone  
  19  1:33  Roach Warren  
  19  1:35  Queen  
  20  1:42  Overlord  
  20  1:53  Drone  
  21  2:01  Drone  
  22  2:17  Roach  
  24  2:27  Roach  
  26  2:30  Hatchery  
  26  2:35  Roach  
  27  2:46  Roach  
  27  2:48  Overlord  
  29  2:58  Drone  
  30  3:08  Drone  
  30  3:09  Drone, Queen  
  34  3:26  Ravager x2  
  36  3:28  Ravager  
  36  3:29  Ravager  
  38  3:36  Overlord x2  
  38  3:42  Drone x3  
  41  3:51  Drone x3  
  45  3:55  Drone  
  45  4:03  Drone  
  45  4:04  Drone x2  
  45  4:09  Evolution Chamber  
  47  4:15  Evolution Chamber  
  46  4:24  Drone  
  46  4:25  Drone x4  
  46  4:26  Drone  
  46  4:30  Drone  
  54  4:31  Drone  
  54  4:47  Drone  
  54  4:48  Drone x5  
  54  4:49  Zerg Missile Weapons Level 1  
  60  4:56  Zerg Ground Armor Level 1  
  60  4:58  Extractor  
  60  4:59  Extractor  
  58  5:03  Drone x2  
  60  5:14  Overlord  
  60  5:15  Overlord x4  
  60  5:24  Overlord x3  
  60  5:28  Lair  
  60  5:38  Roach x4  
  68  5:44  Roach x2  
  68  5:48  Roach x2  
  76  5:53  Roach  
  76  5:54  Roach  
  80  6:05  Drone  
  80  6:06  Drone x6  
  86  6:34  Glial Reconstitution  
  86  6:35  Roach  
  86  6:36  Roach x10  
  108  6:41  Overlord  
  108  6:45  Overseer  
  108  6:48  Overseer  
  108  6:50  Roach x4  
  116  7:05  Zerg Ground Armor Level 2, Zerg Missile Weapons Level 2  
  116  7:10  Roach  
  116  7:11  Roach x4  
  126  7:26  Overlord  
  126  7:27  Overlord  
  126  7:30  Hatchery  
  122  7:37  Ravager x4  
  122  7:38  Ravager x2  
  128  8:15  Hydralisk Den  
  128  8:17  Drone x7  
  128  8:18  Drone x11  
  145  8:23  Queen  
  135  8:34  Hatchery  
  135  8:39  Hatchery  
  112  8:50  Muscular Augments  
  112  8:53  Hydralisk  
  112  8:54  Hydralisk x8  
  130  9:02  Overlord  
  130  9:09  Extractor x2  
  128  9:13  Hydralisk x7  
  128  9:16  Overlord  
  139  9:31  Roach  
  139  9:32  Roach x7  
  134  9:47  Infestation Pit  
  133  9:57  Drone  
  133  9:58  Drone x12  
  146  10:00  Drone  
  147  10:19  Roach x13  
  147  10:21  Overlord  
  173  10:23  Overlord  
  173  10:27  Ravager  
  174  10:45  Hydralisk x9  
  140  11:12  Roach  
  140  11:13  Roach x18  
  141  11:25  Drone  
  141  11:26  Drone x4  
  141  11:28  Spine Crawler x2  
  141  11:32  Spine Crawler  
  141  11:34  Spine Crawler x2  
  141  11:35  Roach  
  141  11:36  Roach x4  
  149  11:40  Overseer  
  145  11:58  Extractor  
  145  11:59  Extractor  
  129  12:06  Roach x15  
  129  12:07  Roach x3  
  159  12:08  Overlord  
  159  12:22  Hive  
  159  12:26  Drone, Extractor x2  
  159  12:27  Drone x12  
  170  12:39  Drone  
  170  12:41  Hatchery  
  170  12:44  Overlord x2  
  164  12:52  Roach  
  164  12:53  Roach x7  
  156  13:09  Roach  
  156  13:10  Roach x13  
  152  13:23  Drone x2  
  152  13:25  Overseer  
  152  13:26  Hydralisk  
  154  13:27  Hydralisk x5  
  164  13:38  Roach  
  164  13:39  Roach x4  
  164  13:40  Hatchery  
  149  13:58  Drone x2  
  151  14:12  Roach  
  151  14:13  Roach x13  
  151  14:14  Roach  
  181  14:33  Drone  
  181  14:34  Drone  
  181  14:35  Drone x2  
  181  14:36  Drone  
  186  14:43  Extractor  
  185  14:47  Extractor  
  170  14:55  Spine Crawler  
  170  14:56  Spine Crawler  
  170  14:58  Roach x9  
  170  14:59  Roach x17  
  170  15:14  Roach  
  170  15:15  Roach x6  
  178  15:39  Hatchery  
  181  15:47  Hatchery  
Show
View Real Time Build Order
Export as new Build Order

Bop Terran - Winner!

Build Orders: Reaper Expand, Bio Tank 

Get SALT Encoding   

  12  0:01  SCV  
  13  0:13  SCV  
  14  0:22  Supply Depot  
  14  0:25  SCV  
  15  0:44  SCV  
  15  0:46  Barracks  
  16  0:52  Refinery  
  16  0:56  SCV  
  17  1:08  SCV  
  18  1:23  SCV  
  19  1:36  Orbital Command  
  19  1:37  Reaper  
  19  1:39  Command Center  
  20  1:52  Supply Depot  
  20  2:02  SCV  
  21  2:09  Reaper  
  21  2:14  SCV  
  23  2:26  SCV  
  23  2:27  Barracks  
  23  2:28  Barracks  
  24  2:38  SCV  
  24  2:44  Barracks Reactor  
  25  2:49  Missile Turret  
  25  2:50  SCV, Orbital Command  
  26  2:53  Bunker  
  26  3:02  SCV  
  27  3:14  SCV  
  27  3:16  Marine  
  27  3:17  Marine  
  30  3:20  Marine x2  
  30  3:22  SCV  
  30  3:25  Refinery  
  30  3:26  Factory  
  33  3:29  SCV  
  34  3:34  SCV  
  34  3:38  Barracks Tech Lab x2  
  35  3:41  SCV  
  35  3:42  Supply Depot  
  35  3:46  SCV  
  37  3:51  Marine  
  37  3:52  Marine  
  37  3:53  SCV  
  40  3:57  Stimpack  
  40  3:58  SCV  
  41  4:04  Supply Depot  
  41  4:05  SCV  
  41  4:08  Marine x2  
  41  4:09  Marine  
  45  4:10  SCV, Starport, Marine  
  45  4:15  Factory Tech Lab  
  45  4:20  SCV  
  45  4:22  SCV  
  47  4:35  Marauder, Marine x2  
  47  4:36  Marauder  
  47  4:37  Supply Depot  
  52  4:43  SCV x2  
  52  4:45  Supply Depot  
  54  4:58  SCV x2, Siege Tank, Marine x2  
  60  5:07  Medivac  
  60  5:10  SCV x2  
  60  5:11  Command Center  
  61  5:21  Concussive Shells  
  61  5:23  SCV  
  61  5:27  SCV, Refinery  
  61  5:28  Marauder  
  65  5:34  Supply Depot  
  65  5:35  SCV  
  66  5:36  Marauder, Marine x2  
  70  5:47  Supply Depot x2  
  70  5:55  SCV x2, Siege Tank, Marauder  
  77  5:57  Marine  
  77  6:01  Supply Depot  
  77  6:04  Supply Depot  
  78  6:09  SCV x2, Medivac, Marine x2  
  84  6:12  Refinery  
  84  6:14  Supply Depot  
  84  6:19  Barracks  
  84  6:20  Marine  
  84  6:21  SCV x2, Marine  
  88  6:26  Marine  
  88  6:27  Orbital Command  
  89  6:32  Marine  
  89  6:33  SCV  
  89  6:38  Marine x2  
  93  6:44  Marine  
  94  6:47  Missile Turret  
  94  6:50  SCV x2, Marine  
  97  6:56  Marine x2, Orbital Command  
  97  6:59  Siege Tank  
  102  7:07  Barracks Reactor  
  102  7:08  Marine x2  
  103  7:09  Barracks x2  
  103  7:14  Marine x2  
  106  7:19  Engineering Bay x2  
  106  7:20  Armory  
  106  7:23  SCV x3  
  106  7:28  Marine x2  
  111  7:31  Siege Tank  
  111  7:35  SCV x2  
  113  7:38  Combat Shields  
  113  7:43  Marine x4  
  117  7:46  Terran Infantry Weapons Level 1, Terran Infantry Armor Level 1  
  117  7:47  SCV x3  
  117  7:49  Marine x2  
  124  7:52  Starport Reactor  
  124  7:58  Supply Depot x2  
  122  7:59  SCV  
  122  8:01  Marine  
  123  8:10  SCV, Terran Vehicle and Ship Weapons Level 1  
  123  8:11  SCV x2  
  126  8:14  Barracks Reactor  
  126  8:23  SCV x2, Barracks Reactor, Marine x2  
  126  8:24  Marine, Siege Tank, Marauder x2  
  126  8:26  Starport Reactor  
  138  8:28  SCV  
  136  8:35  SCV  
  120  8:45  Marine  
  120  8:46  Marauder x2, Marine  
  126  8:50  Marine x2  
  126  8:51  SCV x2  
  126  8:54  Command Center  
  130  8:56  Barracks  
  130  8:57  Barracks  
  130  8:58  Barracks  
  130  9:02  Marine x4  
  134  9:03  Marine x2, Medivac x2  
  134  9:07  Marine, Marauder x2  
  134  9:08  Marine  
  146  9:10  Siege Tank  
  149  9:20  Refinery x2  
  149  9:22  Factory  
  148  9:29  Marauder  
  146  9:31  Marine  
  146  9:32  Marauder, Marine x6  
  146  9:33  Marine  
  146  9:34  SCV x3  
  137  9:42  Siege Tank  
  137  9:44  Terran Infantry Weapons Level 2  
  133  9:46  SCV, Terran Infantry Armor Level 2  
  133  9:49  Marine  
  133  9:50  Marine  
  133  9:51  Barracks Reactor, Marauder  
  136  9:53  Barracks Tech Lab x2  
  136  10:05  Marauder, Marine x5  
  136  10:06  Factory Tech Lab  
  143  10:12  Marauder x3, Marine x2  
  151  10:18  Marine  
  151  10:20  Siege Tank  
  155  10:22  Marine  
  155  10:23  Marine x2  
  155  10:26  Marauder  
  155  10:28  Marine x3  
  163  10:33  Missile Turret  
  163  10:36  Marauder  
  163  10:37  Terran Vehicle and Ship Weapons Level 2  
  163  10:41  Supply Depot  
  164  10:43  Marine x2  
  164  10:44  Supply Depot, Marauder x2, Marine x4  
  164  10:48  Marauder  
  157  10:50  Marine  
  137  10:57  Marauder  
  137  11:02  Marine x8  
  144  11:06  Marauder x2  
  144  11:09  Marauder  
  139  11:13  Marine x2  
  123  11:19  Marauder  
  123  11:20  Marine  
  123  11:23  Marine x4  
  123  11:24  Planetary Fortress  
  128  11:27  Marauder  
  128  11:30  Marine  
  128  11:31  Marine x4  
  135  11:37  Siege Tank  
  138  11:42  Marine  
  138  11:43  Marauder x2  
  127  11:47  Marine  
  127  11:48  Marine x2  
  127  11:51  Marine x3  
  119  12:04  Marauder, Marine x4  
  119  12:05  Marine x2  
  119  12:11  Marine  
  119  12:12  Marauder, Siege Tank, Marine x2  
  120  12:23  Marauder x2, Medivac x2  
  120  12:26  Marauder  
  120  12:27  Terran Infantry Weapons Level 3  
  130  12:32  Terran Infantry Armor Level 3  
  130  12:35  Marine x6  
  136  12:38  Marine  
  136  12:41  Marine  
  136  12:42  Marine x2  
  133  13:05  Marauder x2, Marine x4  
  96  13:15  Siege Tank x2  
  96  13:16  Marine x6  
  99  13:35  Marine  
  99  13:36  Marine x7  
  83  13:54  Siege Tank x2, Marine x7  
  93  14:02  Marine x6  
  98  14:11  Marine  
  98  14:12  Marine x6  
  98  14:16  Orbital Command, Medivac x2  
  109  14:26  Siege Tank  
  109  14:30  Siege Tank  
  115  14:35  Marine x7  
  122  14:54  Marine  
  122  14:55  Marine x6  
  122  14:58  Siege Tank  
  129  15:05  Marine  
  129  15:06  Marine x5  
  131  15:14  Marine x5  
  135  15:25  Marine x6  
Tags
 
Add a new tag
Caveats
  • Supply blocks, unpowered buildings, or Contaminate may cause inaccurate times.
  • Supply counts are checked every 10 seconds.